AoeStats
← Goku★

Hill Fort

504325058Analyzed
4v4 RM · 28d ago on Sep 4, 2026· 40m 27s· 8 players
Game mode
Random Map
Map size
Large (8 player)
Population
200
Speed
Normal
Resources
Standard
Victory
Conquest
Starting age
Dark Age
Ending age
Imperial Age
RankedLock teamsTeams togetherTeam positionsShared explorationLock speedFull tech treeHidden civsTurbo modeCheats
Victory
Defeat
🇲🇪 Vikings · Montenegro
1262
+15
🇲🇪 Cumans · Montenegro
1255
+16
🇲🇪 Georgians · Montenegro
1248
+16
🇲🇪 Portuguese · Montenegro
1159
+20
🇨🇱 Magyars · Chile
1266
-18
🇰🇷 Tatars · South Korea
1265
-17
🇵🇾 Ethiopians · Paraguay
1252
-17
🇩🇪 Berbers · Germany
1199
-15
Bager
6:48 Loom
9:51 Feudal Age
11:56 Scale Barding Armor
15:18 Forging
17:11 Bloodlines
22:53 Castle Age
21:18 Gold Mining
23:36 Husbandry
23:00 Light Cavalry
23:41 Husbandry
24:49 Chain Barding Armor
31:15 Iron Casting
Emp
5:19 Loom
9:03 Feudal Age
11:33 Fletching
11:59 Double-Bit Axe
16:53 Horse Collar
23:20 Castle Age
21:08 Loom
23:22 Crossbowman
23:58 Bodkin Arrow
24:16 Bow Saw
25:46 Town Watch
26:50 Gold Mining
31:18 Padded Archer Armor
34:20 Ballistics
35:33 Leather Archer Armor
40:17 Imperial Age
geodeta
6:13 Loom
12:06 Feudal Age
13:47 Double-Bit Axe
13:48 Horse Collar
19:59 Castle Age
18:45 Stone Mining
18:46 Gold Mining
20:28 Pikeman
21:54 Fletching
22:48 Wheelbarrow
22:45 Bow Saw
22:39 Heavy Plow
27:47 Masonry
29:02 Hand Cart
28:33 Town Watch
34:57 Hand Cart
38:20 Imperial Age
41:15 Conscription
40:58 Arquebus
Mićaš
9:04 Loom
10:58 Feudal Age
12:34 Horse Collar
12:39 Double-Bit Axe
21:46 Castle Age
21:00 Wheelbarrow
21:33 Scale Barding Armor
21:51 Forging
22:01 Bloodlines
23:53 Chain Barding Armor
25:42 Bow Saw
25:37 Heavy Plow
28:48 Iron Casting
38:30 Imperial Age
38:36 Elite Steppe Lancer
40:08 Plate Barding Armor
39:10 Light Cavalry
41:11 Blast Furnace
Goku★
0:27 Loom
10:19 Feudal Age
10:44 Double-Bit Axe
10:40 Horse Collar
10:48 Town Watch
19:25 Castle Age
21:27 Fletching
22:05 Padded Archer Armor
30:57 Crossbowman
31:48 Thumb Ring
36:09 Bodkin Arrow
bastianbps
7:29 Loom
9:56 Feudal Age
10:24 Double-Bit Axe
17:57 Fletching
19:29 Padded Archer Armor
20:35 Wheelbarrow
23:56 Castle Age
22:49 Horse Collar
23:00 Gold Mining
24:32 Bodkin Arrow
23:58 Crossbowman
25:02 Thumb Ring
33:06 Imperial Age
33:54 Ballistics
34:03 Bracer
33:32 Heavy Cavalry Archer
37:29 Bracer
39:32 Parthian Tactics
TobyO
11:18 Feudal Age
17:01 Castle Age
16:43 Loom
16:45 Town Watch
17:24 Double-Bit Axe
17:26 Horse Collar
20:05 Bow Saw
21:03 Fletching
24:24 Bodkin Arrow
26:11 Wheelbarrow
25:58 Gold Mining
27:19 Husbandry
28:21 Padded Archer Armor
28:33 Bloodlines
29:37 Ballistics
30:53 Thumb Ring
34:51 Imperial Age
35:40 Leather Archer Armor
36:11 Conscription
35:59 Bracer
37:05 Chemistry
35:59 Heavy Camel Rider
37:35 Scale Barding Armor
38:22 Heavy Plow
38:48 Chain Barding Armor
40:23 Gold Shaft Mining
39:47 Stone Mining
40:46 Plate Barding Armor
40:22 Forging
kdu0687
11:02 Feudal Age
17:18 Castle Age
16:46 Fletching
17:27 Loom
18:12 Bodkin Arrow
19:22 Padded Archer Armor
19:39 Double-Bit Axe
21:42 Horse Collar
26:27 Stone Mining
28:10 Leather Archer Armor
28:19 Gold Mining
28:31 Heavy Plow
31:49 Ballistics
33:46 Forging
33:41 Scale Barding Armor
38:07 Imperial Age
36:10 Husbandry
36:22 Bloodlines
37:49 Wheelbarrow
Connection lost

Rejoining the realm…

Still unreachable

The connection could not be restored.

Session expired

The server has moved on; the page needs a fresh start.